 Dungeon Crawl Stone Soup version 0.29-a0-284-gf9362112df (webtiles) character file.

Game seed: 8265847648857030404

63 enile the Conjurer (level 3, -5/14 HPs)
             Began as a Felid Conjurer on Mar 31, 2022.
             Slain by a gnoll
             ... wielding a +0 flail
              (13 damage)
             ... on level 1 of the Dungeon.
             The game lasted 00:02:13 (2053 turns).

enile the Conjurer (Felid Conjurer)                 Turns: 2053, Time: 00:02:14

Health: -5/14      AC:  1    Str:  3    XL:     3   Next: 87%
Magic:  1/7        EV: 18    Int: 21    God:
Gold:   60         SH:  0    Dex: 14    Spells: 3/6 levels left
                                        Lives:  0   Deaths: 0

rFire   . . .      SeeInvis +   (weapon unavailable)
rCold   . . .      Faith    .   (shield unavailable)
rNeg    . . .      Spirit   .   (body armour unavailable)
rPois   .          Reflect  .   (helmet unavailable)
rElec   .          Harm     .   (cloak unavailable)
rCorr   .          Rampage  .   (gloves unavailable)
Will    .....                   (boots unavailable)
Stlth   ++........              (no amulet)
HPRegen 0.04/turn               (no ring)
MPRegen 0.10/turn               (no ring)

@: quick
A: very small, claws 1, fangs 3, see invisible, speed 1, shaggy fur 1, stealthy
paws, no weapons or thrown items, no armour, multi-lived
a: no special abilities


You were on level 1 of the Dungeon.
You visited 1 branch of the dungeon, and saw 2 of its levels.

You collected 60 gold pieces.

Inventory:

Scrolls
 b - 2 scrolls of enchant weapon {unknown}
 c - a scroll of noise {unknown}
 d - a scroll of vulnerability {unknown}
 g - a scroll of identify {unknown}
Potions
 a - a potion of magic
 e - 2 potions of heal wounds {unknown}
 f - a potion of mutation {unknown}


   Skills:
 - Level 4.0 Dodging
 - Level 2.6 Stealth
 - Level 2.0 Spellcasting
 + Level 4.6 Conjurations


You had 3 spell levels left.
You knew the following spells:

 Your Spells              Type           Power      Damage    Failure   Level
a - Magic Dart            Conj           84%        1d7       2%          1
b - Searing Ray           Conj           42%        2d6       3%          2

Your spell library contained the following spells:

 Spells                   Type           Power      Damage    Failure   Level
 Dazzling Flash           Conj/Hex       22%        N/A       17%         3
 Fulminant Prism          Conj/Hex       5%         3d7       50%         4
 Iskenderun's Mystic Bla  Conj/Tloc      11%        2d4       50%         4


Dungeon Overview and Level Annotations

Branches:
Dungeon (2/15)

Altars:


Innate Abilities, Weirdness & Mutations

You have sharp claws.
You have razor-sharp teeth.
You have supernaturally acute eyesight. (SInv)
You cover ground quickly. (Speed+)
You are covered in fur. (AC +1)
Your paws help you pounce on unaware monsters.
You are incapable of wielding weapons or throwing items.
You cannot wear armour.
You gain extra lives every three experience levels.


Message History

There is an open door here.
Casting: Magic Dart (safe; 2% risk of failure)
Confirm with . or Enter, or press ? or * to list all spells.
Aiming: Magic Dart (safe; 2% risk of failure)
Press: ? - help, Shift-Dir - straight line, f/p - gnoll
Aim: a gnoll, wielding a +0 flail and wearing a +0 ring mail (moderately wounded, 100% to hit)
The magic dart hits the gnoll but does no damage.
The gnoll is moderately wounded.
Casting: Magic Dart (safe; 2% risk of failure)
Confirm with . or Enter, or press ? or * to list all spells.
Aiming: Magic Dart (safe; 2% risk of failure)
Press: ? - help, Shift-Dir - straight line, f/p - gnoll
Aim: a gnoll, wielding a +0 flail and wearing a +0 ring mail (moderately wounded, 100% to hit)
The magic dart hits the gnoll.
The gnoll is severely wounded.
Casting: Magic Dart (safe; 2% risk of failure)
Confirm with . or Enter, or press ? or * to list all spells.
Aiming: Magic Dart (safe; 2% risk of failure)
Press: ? - help, Shift-Dir - straight line, f/p - gnoll
Aim: a gnoll, wielding a +0 flail and wearing a +0 ring mail (severely wounded, 100% to hit)
The magic dart hits the gnoll but does no damage.
The gnoll is severely wounded.
Casting: Magic Dart (safe; 2% risk of failure)
Confirm with . or Enter, or press ? or * to list all spells.
You don't have enough magic to cast this spell.
Casting: Magic Dart (safe; 2% risk of failure)
Confirm with . or Enter, or press ? or * to list all spells.
You don't have enough magic to cast this spell.
The gnoll closely misses you.
You barely miss the gnoll.
The gnoll is severely wounded.
The gnoll misses you.
You barely miss the gnoll.
The gnoll is severely wounded.
The gnoll misses you.
You scratch the gnoll but do no damage.
The gnoll is severely wounded.
The gnoll hits you with a +0 flail!
Ouch! That really hurt!
You die...

##### #...# ##### #...# #....
#...# ###### #.###
#####...############ #....# #.#
....'g.........g@..# #....# #.###
.####(..##########.# #....###.##.
.# ##### #.# #...........
.######### #.###)..........
...##....# ####...............
##.##....# ####..................
##g##....###....###..............
...).....'.......................
##.##....##≈≈≈≈♣##...............


You could see a gnoll.

Vanquished Creatures
  An orc wizard (D:2)
  A gnoll (D:1)
  2 orcs (D:2)
  A ball python (D:2)
  3 bats
  An endoplasm (D:2)
  3 giant cockroaches (D:1)
  3 goblins (D:1)
  2 hobgoblins (D:1)
  3 kobolds
  2 frilled lizards (D:1)
  2 rats (D:1)
24 creatures vanquished.

Notes
Turn   | Place    | Note
-------+----------+-------------------------------------------
     0 | D:1      | enile the Felid Conjurer began the quest for the Orb.
     0 | D:1      | Reached XP level 1. HP: 7/7 MP: 4/4
   251 | D:1      | Reached XP level 2. HP: 11/11 MP: 3/6
   622 | D:1      | Learned a level 2 spell: Searing Ray
  1198 | D:1      | Reached XP level 3. HP: 6/14 MP: 2/7
  2053 | D:1      | Slain by a gnoll

Illustrated notes

Levels and vault maps discovered:
D:1:      sevenhm_arrival_forest_fort_small_4, layout_basic, due_unseen_surprise
D:2:      layout_loops_cross

Skill      XL: |  1  2 |
---------------+-------+-----
Dodging        | 3 4 |  4.0
Conjurations   | 4 |  4.6
Stealth        | |  2.6
Spellcasting   | |  2.0

Action                   || total
-------------------------++-------
Melee: Unarmed           ||    23
       Bite              ||     2
 Cast: Magic Dart        ||    66
       Searing Ray       ||     4
Dodge: Dodged            ||    29

Table legend: (Time is in decaauts)
 A = Elapsed time spent in this place.
 B = Non-inter-level travel time spent in this place.
 C = Inter-level travel time spent in this place.
 D = Time resting spent in this place.
 E = Time spent auto-exploring this place.
 F = Levels seen in this place.
 G = Mean time per level.
                   A        B        C        D        E       F      G
               +--------+--------+--------+--------+--------+-----+--------+
         Total |   1893 |   1859 |     34 |    388 |   1143 |   2 |  946.5 |
       Dungeon |   1893 |   1859 |     34 |    388 |   1143 |   2 |  946.5 |
               +--------+--------+--------+--------+--------+-----+--------+

Top non-repeatable levels by time:
     D:1: 1642 daAuts
     D:2: 250 daAuts
